Map: Terraços Prion

Players

TheZergLord - Winner!

  • Race: Zerg Zerg
  • League: Master

WhosJohnGalt

  • Race: Zerg Zerg
  • League: Master

VOD

Have the link to the VOD?

Description

Time

  • Played on: April 26, 2016, 9:17 a.m.
  • Length: 9:35
Show
View Real Time Build Order
Export as new Build Order

TheZergLord Zerg - Winner!

Build Orders: Pool First, Zergling Baneling 

Get SALT Encoding   

  12  0:01  Drone  
  13  0:10  Drone  
  14  0:20  Extractor  
  14  0:21  Drone  
  14  0:32  Spawning Pool  
  13  0:36  Drone  
  14  0:42  Extractor  
  14  0:43  Drone  
  15  0:51  Overlord  
  15  1:10  Drone x2  
  17  1:19  Queen  
  17  1:21  Metabolic Boost  
  17  1:25  Zergling x2  
  20  1:29  Zergling x2  
  21  1:33  Zergling x2  
  22  1:43  Baneling Nest  
  21  1:48  Overlord  
  21  1:54  Zergling x2  
  22  2:08  Zergling x2  
  23  2:16  Zergling x2  
  24  2:28  Zergling x2  
  24  2:29  Zergling x6  
  28  2:35  Baneling x4  
  28  2:49  Hatchery  
  26  3:05  Zergling x8  
  28  3:06  Zergling x2  
  29  3:15  Overlord  
  28  3:26  Drone  
  27  3:41  Baneling x6  
  25  3:52  Drone x4  
  27  4:10  Zergling x6  
  27  4:14  Zergling x4  
  27  4:23  Spine Crawler, Zergling x2  
  27  4:29  Baneling x2  
  27  4:34  Baneling x3  
  27  4:40  Zergling x4  
  24  4:53  Zergling x4  
  24  4:54  Zergling x6  
  23  5:03  Zergling x4  
  23  5:25  Drone x5  
  28  5:36  Drone  
  28  5:42  Baneling  
  29  5:43  Baneling x6  
  29  5:53  Drone x4  
  27  6:18  Queen x2  
  27  6:20  Drone  
  27  6:21  Drone x4  
  36  6:31  Zergling x2  
  37  6:33  Zergling x2  
  37  6:34  Zergling x2  
  37  6:36  Hatchery  
  38  6:45  Zergling x4, Roach Warren  
  39  6:52  Baneling  
  39  6:53  Baneling x3  
  39  6:55  Zergling x4  
  39  6:59  Baneling x2  
  37  7:21  Drone x4  
  40  7:22  Extractor  
  41  7:30  Roach x2  
  41  7:33  Overlord x3  
  43  7:51  Queen  
  43  7:54  Roach x6  
  43  7:55  Roach  
  59  8:00  Drone  
  59  8:02  Drone  
  59  8:04  Roach x2  
  65  8:11  Drone x2  
  65  8:12  Drone  
  68  8:13  Roach x2  
  68  8:14  Zergling x2  
  68  8:19  Overlord  
  73  8:23  Overlord x2  
  73  8:33  Overlord x2  
  73  8:39  Roach  
  73  8:40  Roach x3  
  81  8:43  Roach x2  
  81  8:46  Roach  
  81  9:05  Roach  
  81  9:06  Zergling x2, Roach x3  
  81  9:07  Zergling x14  
Show
View Real Time Build Order
Export as new Build Order

WhosJohnGalt Zerg 

Build Orders: Hatch First 

Get SALT Encoding   

  12  0:01  Drone  
  13  0:12  Overlord  
  13  0:20  Drone  
  14  0:30  Drone x2  
  16  0:49  Hatchery  
  15  0:51  Drone  
  15  0:56  Drone  
  17  1:10  Spawning Pool  
  16  1:12  Drone  
  16  1:15  Extractor  
  16  1:16  Drone  
  17  1:21  Drone  
  18  1:27  Drone  
  19  1:40  Overlord  
  19  1:57  Queen  
  19  1:58  Zergling x2  
  19  2:01  Queen, Zergling x2  
  24  2:05  Spine Crawler  
  24  2:07  Drone  
  25  2:15  Zergling x4  
  28  2:28  Metabolic Boost  
  28  2:33  Zergling x6  
  31  2:40  Spine Crawler  
  30  2:45  Overlord  
  30  2:46  Zergling x4  
  26  3:02  Zergling x4  
  25  3:09  Zergling x6  
  25  3:10  Zergling x6  
  30  3:16  Zergling x4  
  28  3:23  Zergling x4  
  28  3:39  Zergling x4  
  30  3:46  Zergling x4  
  31  3:58  Zergling x4  
  27  4:14  Zergling x8  
  21  4:19  Queen  
  21  4:22  Baneling Nest  
  22  4:24  Drone  
  23  4:34  Drone  
  19  5:01  Zergling x4  
  17  5:10  Queen, Drone  
  20  5:20  Hatchery, Drone  
  20  5:29  Drone  
  20  5:33  Drone x2  
  22  5:38  Zergling x2  
  24  5:44  Zergling x2  
  24  5:48  Baneling x2  
  25  5:57  Baneling x2  
  25  6:05  Zergling x8  
  28  6:15  Zergling x2  
  26  6:29  Hatchery  
  26  6:31  Zergling x8  
  29  6:44  Baneling x5  
  28  6:56  Drone x2  
  28  7:01  Drone x3  
  28  7:22  Drone x2  
  28  7:26  Roach Warren  
  28  7:27  Drone x3  
  29  7:30  Drone  
  30  7:42  Extractor  
  29  7:47  Drone x2  
  31  7:53  Drone  
  31  7:58  Drone  
  33  8:08  Overlord  
  33  8:12  Drone  
  34  8:14  Roach x3  
  40  8:20  Drone x2  
  40  8:21  Roach  
  40  8:25  Overlord  
  44  8:30  Roach  
  44  8:31  Roach  
  44  8:32  Queen  
  50  8:34  Roach  
  50  8:39  Overlord x2  
  52  8:50  Roach x4  
  60  8:58  Roach x3  
  57  9:07  Roach  
  57  9:08  Roach  
  57  9:09  Zergling x4  
  57  9:11  Overlord  
Tags
 
Add a new tag
Caveats
  • Supply blocks, unpowered buildings, or Contaminate may cause inaccurate times.
  • Supply counts are checked every 10 seconds.